 Dungeon Crawl Stone Soup version 0.28-a0-563-gf77a47075d (webtiles) character file.

Game seed: 12627663899308914122

357 miscthings the Cudgeller (level 6, 0/32 HPs)
             Began as a Vine Stalker Cinder Acolyte on Sept 30, 2021.
             Was a High Priest of Ignis.
             Succumbed to a scorpion's poison
             ... on level 4 of the Dungeon.
             The game lasted 00:06:51 (3010 turns).

miscthings the Cudgeller (VSCA)                     Turns: 3010, Time: 00:06:52

Health: 0/32       AC:  4    Str: 17    XL:     6   Next: 64%
Magic:  0/12       EV: 11    Int: 14    God:    Ignis [*****.]
Gold:   91         SH:  0    Dex: 11    Spells: 9/11 levels left

rFire   + + .      SeeInvis .   a - -1 mace (flame)
rCold   . . .      Faith    .   (no shield)
rNeg    . . .      Spirit   +   d - +0 leather armour {rF+}
rPois   .          Reflect  .   (no helmet)
rElec   .          Harm     .   (no cloak)
rCorr   .          Rampage  .   i - +0 pair of gloves
Will    .....                   (no boots)
Stlth   +.........              (no amulet)
HPRegen 1.10/turn               (no ring)
MPRegen 0.13/turn               (no ring)

@: lethally poisoned (0 -> -14)
A: fangs 2, regeneration 1, magic shield, antimagic bite, no potion heal 2
a: Renounce Religion, Sea of Fire, Foxfire Swarm, Rising Flame


You were on level 4 of the Dungeon.
You worshipped Ignis.
Ignis was extremely pleased with you.
You visited 1 branch of the dungeon, and saw 4 of its levels.
You also visited: Sewer.

You collected 91 gold pieces.

Inventory:

Hand Weapons
 a - a -1 mace of flaming (weapon)
Missiles
 r - a curare-tipped dart (quivered)
Armour
 b - a +0 robe
 d - a +0 leather armour of fire resistance (worn)
 i - a +0 pair of gloves (worn)
Scrolls
 g - a scroll of teleportation
 l - a scroll of enchant weapon {unknown}
 n - a scroll of magic mapping {unknown}
 o - a scroll of fear
 s - a scroll of enchant armour {unknown}
 u - a scroll of fog {unknown}
 v - a scroll of brand weapon {unknown}
 w - a scroll of vulnerability {unknown}
Potions
 c - a potion of haste {unknown}
 f - 2 potions of berserk rage
 h - 2 potions of ambrosia
 j - a potion of brilliance {unknown}
 k - a potion of curing {unknown}
 m - a potion of lignification {unknown}
 q - a potion of mutation {unknown}
 t - 2 potions of might {unknown}


   Skills:
 - Level 2.6 Fighting
 + Level 4.8 Maces & Flails
 - Level 3.4 Spellcasting
 - Level 4.5 Fire Magic


You had 9 spell levels left.
You knew the following spells:

 Your Spells              Type           Power      Damage    Failure   Level
a - Scorch                Fire           30%        2d6       6%          2

Your spell library contained the following spells:

 Spells                   Type           Power      Damage    Failure   Level
 Call Canine Familiar     Summ           2%         N/A       58%         3
 Portal Projectile        Hex/Tloc       4%         N/A       58%         3
 Leda's Liquefaction      Hex/Erth       1%         N/A       94%         4
 Lee's Rapid Deconstruct  Erth           1%         3d5*      100%        5
 Statue Form              Tmut/Erth      1%         N/A       100%        6


Dungeon Overview and Level Annotations

Branches:
Dungeon (4/15)              Sewer (visited)
 Temple: D:4-7

Altars:


Innate Abilities, Weirdness & Mutations

You have extremely sharp teeth.
Your natural rate of healing is unusually fast.
When hurt, damage is shared between your health and your magic reserves.
Your bite disrupts and absorbs the magic of your enemies.
Potions cannot restore your health.


Message History

You hit the scorpion but do no damage. Your bite misses the scorpion.
The scorpion is moderately wounded.
The scorpion misses you.
You hit the scorpion. You burn the scorpion.
The scorpion is moderately wounded.
The scorpion is no longer more vulnerable to fire.
The scorpion stings you. The scorpion barely misses you.
You hit the scorpion but do no damage.
The scorpion is moderately wounded.
The scorpion barely misses you.
You closely miss the scorpion.
You bite the scorpion, but do no damage.
The scorpion is moderately wounded.
The scorpion barely misses you.
Your magical contamination has completely faded away.
You hit the scorpion but do no damage.
The scorpion is moderately wounded.
The scorpion barely misses you. The scorpion stings you!
You are poisoned.
The scorpion poisons you!
You hit the scorpion but do no damage. You bite the scorpion.
You drain its power.
You feel invigorated.
The scorpion is severely wounded.
You feel very sick. The scorpion stings you.
You are more poisoned.
The scorpion poisons you!
Casting: Scorch (safe; 6% risk of failure)
Confirm with . or Enter, or press ? or * to list all spells.
Flames lash the scorpion.
The scorpion is almost dead.
The scorpion's fire resistance burns away.
You feel very sick. The scorpion barely misses you.
You feel very sick. The scorpion stings you.
* * * LOW HITPOINT WARNING * * *
You are lethally poisoned!
The scorpion poisons you!
You die...

#.......##
##........######### #
.#.......[.......... ..
.#........#..##### ...
........####.....###....
.#......# #####........
#.......######.....#....
.....†...........###....
#....)##......##@.......
......# #....###..######
..##...# #..###.s.# .#
#....######....# ##....#
#.....# #....# #.....#
#.?.## ##....# #..##
##...# ##.##


You could see a scorpion (combustible).

Vanquished Creatures
  A kobold brigand (Sewer)
  A scorpion (D:4)
  2 gnolls (D:3)
  5 river rats
  8 adders
  2 worms
  4 dart slugs
  An orc (D:4)
  4 bats
  9 endoplasms
  5 giant cockroaches
  3 goblins
  2 hobgoblins (D:1)
  4 jackals (D:1)
  6 quokkas
  6 ball pythons
  3 frilled lizards
  8 kobolds (Sewer)
  5 rats
79 creatures vanquished.

Vanquished Creatures (others)
  10 plants (D:3)
10 creatures vanquished.

Grand Total: 89 creatures vanquished

Notes
Turn   | Place    | Note
-------+----------+-------------------------------------------
     0 | D:1      | miscthings the Vine Stalker Cinder Acolyte began the quest
                  | for the Orb.
     0 | D:1      | Reached XP level 1. HP: 11/11 MP: 3/3
    97 | D:1      | Reached XP level 2. HP: 7/16 MP: 2/5
   102 | D:1      | Learned a level 2 spell: Scorch
   479 | D:1      | Reached XP level 3. HP: 16/19 MP: 4/7
  1643 | D:3      | Gained mutation: Your natural rate of healing is unusually
                  | fast. [Vine Stalker growth]
  1643 | D:3      | Reached XP level 4. HP: 23/23 MP: 9/9
  1924 | D:3      | Found a faded altar of an unknown god.
  1981 | D:3      | Reached XP level 5. HP: 27/27 MP: 6/10
  1993 | D:3      | Found a glowing drain.
  1997 | Sewer    | Entered a sewer
  2151 | Sewer    | Noticed a kobold brigand
  2159 | Sewer    | Killed a kobold brigand
  2160 | Sewer    | Reached XP level 6. HP: 24/32 MP: 1/12
  3010 | D:4      | Succumbed to a scorpion's poison

Illustrated notes

Levels and vault maps discovered:
D:1:      dpeg_arrival_fog, layout_basic, minmay_heptomino_l4
D:2:      layout_basic
D:3:      wad_woods_tower, layout_basic, hellmonk_ecumenical_altar_run_dry,
          gup_sewer_entry_spiral, feat_on_display
D:4:      layout_rooms, lemuel_tele_altar, vehumet_altar_wand_db,
          gammafunk_temple_overflow_elements, serial_shops,
          nicolae_diamond_shop, grunt_ministairs_7, minivault_19

Skill      XL: |  1  2  3  4  5 |
---------------+----------------+-----
Spellcasting   | 2 3 |  3.4
Fire Magic     | 4 |  4.5
Maces & Flails | 4 |  4.8
Fighting       | |  2.6

Action                   |  1- 3 |  4- 6 || total
-------------------------+-------+-------++-------
Melee: Mace              |    64 |    86 ||   150
       Bite              |    14 |    17 ||    31
 Cast: Scorch            |    14 |    40 ||    54
  Use: Scroll            |       |     5 ||     5
Armor: Robe              |     3 |       ||     3
       Leather armour    |    17 |    20 ||    37
Dodge: Dodged            |    52 |    67 ||   119

Table legend: (Time is in decaauts)
 A = Elapsed time spent in this place.
 B = Non-inter-level travel time spent in this place.
 C = Inter-level travel time spent in this place.
 D = Time resting spent in this place.
 E = Time spent auto-exploring this place.
 F = Levels seen in this place.
 G = Mean time per level.
                   A        B        C        D        E       F      G
               +--------+--------+--------+--------+--------+-----+--------+
         Total |   3166 |   3054 |    112 |    160 |   2075 |   5 |  633.2 |
       Dungeon |   2736 |   2624 |    112 |    145 |   1952 |   4 |  684.0 |
         Sewer |    430 |    430 |      0 |     15 |    122 |   1 |  430.0 |
               +--------+--------+--------+--------+--------+-----+--------+

Top non-repeatable levels by time:
     D:3: 1249 daAuts
     D:1: 1102 daAuts
   Sewer: 430 daAuts
     D:2: 310 daAuts
     D:4: 73 daAuts
